 Dungeon Crawl Stone Soup version 0.26-a0-667-g92642533e4 (webtiles) character file.

Game seed: 11402544383998480679

5 Ijustatesigmund the Skirmisher (level 1, 0/12 HPs)
             Began as a Spriggan Wanderer on Oct 16, 2020.
             Slain by a hobgoblin (3 damage)
             ... on level 1 of the Dungeon.
             The game lasted 00:01:16 (140 turns).

Ijustatesigmund the Skirmisher (Spriggan Wanderer)   Turns: 140, Time: 00:01:17

Health: 0/12       AC:  2    Str:  8    XL:     1   Next: 66%
Magic:  3/3        EV: 15    Int: 10    God:
Gold:   12         SH:  0    Dex: 18    Spells: 2/2 levels left

rFire    . . .     SeeInvis +   a - +0 spear
rCold    . . .     Faith    .   (shield restricted)
rNeg     . . .     Spirit   .   d - +0 robe
rPois    .         Reflect  .   (helmet restricted)
rElec    .         Harm     .   (no cloak)
rCorr    .         Rampage  .   (gloves unavailable)
MR       .....                  (boots unavailable)
Stlth    ++........             (no amulet)
HPRegen  0.04/turn              (no ring)
MPRegen  0.08/turn              (no ring)

@: very quick
A: very small, unfitting armour, see invisible, speed 3
a: no special abilities


You were on level 1 of the Dungeon.
You visited 1 branch of the dungeon, and saw 1 of its levels.

You collected 12 gold pieces.

Inventory:

Hand Weapons
 a - a +0 spear (weapon)
Armour
 d - a +0 robe (worn)
Wands
 b - a wand of flame (15)
Potions
 c - a potion of lignification


   Skills:
 + Level 3.5 Fighting
 + Level 1.5 Stealth
 + Level 1.0 Unarmed Combat
 + Level 1.3 Spellcasting
   Level 1.7 Earth Magic
 + Level 1.3 Evocations


You had 2 spell levels left.
You didn't know any spells.
Your spell library was empty.

Dungeon Overview and Level Annotations

Branches:
Dungeon (1/15)

Altars:


Innate Abilities, Weirdness & Mutations

You are very small and have problems with some larger weapons.
You are too small for most types of armour.
You have supernaturally acute eyesight. (SInv)
You cover ground extremely quickly.


Message History

You are too injured to fight recklessly!
You are too injured to fight recklessly!
You are too injured to fight recklessly!
You are too injured to fight recklessly!
You are too injured to fight recklessly!
A bat comes into view.
Found 4 curare-tipped darts and 23 stones.
A rat and a hobgoblin come into view.
The hobgoblin shouts!
The bat barely misses you.
You miss the bat. The bat misses you. The bat barely misses you.
The bat closely misses you. The bat hits you but does no damage.
The bat hits you.
You hit the hobgoblin.
The hobgoblin is heavily wounded.
The bat closely misses you. The hobgoblin closely misses you.
The rat bites you.
* * * LOW HITPOINT WARNING * * *
The hobgoblin hits you.
You die...

#........#
............#...>....#
.####...........#....)...#
(.........(......#........#
.b................#........#
...................#........#
..#.#.#.#..b.......#........#
..........!..r.....#........#
#.#.#.#.#....@g....#........#
#..................#........#
#.#.#.#.#..........#........#
#.....†............#........#
#.#.#.#.#..........####.#####
#..................# #.#
###.###..########### #.#
#.....############ #.#
#####............# #.#


You could see a hobgoblin, a bat and a rat.

Vanquished Creatures
  A dart slug (D:1)
  2 bats (D:1)
  A goblin (D:1)
  A rat (D:1)
5 creatures vanquished.

Notes
Turn   | Place    | Note
-------+----------+-------------------------------------------
     0 | D:1      | Ijustatesigmund the Spriggan Wanderer began the quest for
                  | the Orb.
     0 | D:1      | Ijustatesigmund set off with the following items: a +0
                  | spear, a wand of flame (15), a potion of lignification, a
                  | +0 robe
     0 | D:1      | Reached XP level 1. HP: 12/12 MP: 3/3
     2 | D:1      | Noticed an ice dragon
     4 | D:1      | Noticed an iron dragon
     5 | D:1      | Noticed a green draconian
     7 | D:1      | Noticed an ice dragon
    10 | D:1      | Noticed a tentacled monstrosity
    10 | D:1      | Noticed a black draconian
    12 | D:1      | Noticed a large abomination
    14 | D:1      | Noticed an ice dragon
    14 | D:1      | Noticed an ice dragon
    16 | D:1      | Noticed an ice dragon
    16 | D:1      | Noticed a shadow dragon
    18 | D:1      | Noticed an iron dragon
    22 | D:1      | Noticed an ice dragon
   140 | D:1      | Slain by a hobgoblin

Illustrated notes

Levels and vault maps discovered:
D:1:      shiori_arrival_whats_in_store_for_you, layout_basic, serial_glass,
          glass_columns_c, glass_columns_c

Action                   || total
-------------------------++-------
Melee: Spear             ||    24
       Punch             ||     1
 Stab: Sleeping          ||     2
Armor: Robe              ||     6
Dodge: Dodged            ||    35

Table legend: (Time is in decaauts)
 A = Elapsed time spent in this place.
 B = Non-inter-level travel time spent in this place.
 C = Inter-level travel time spent in this place.
 D = Time resting spent in this place.
 E = Time spent auto-exploring this place.
 F = Levels seen in this place.
 G = Mean time per level.
                   A        B        C        D        E       F      G
               +--------+--------+--------+--------+--------+-----+--------+
         Total |    102 |    102 |      0 |      0 |     62 |   1 |  102.0 |
       Dungeon |    102 |    102 |      0 |      0 |     62 |   1 |  102.0 |
               +--------+--------+--------+--------+--------+-----+--------+

Top non-repeatable levels by time:
     D:1: 102 daAuts
